 Dungeon Crawl Stone Soup version 0.30-a0-458-g86641cc369 (webtiles) character file.

Game seed: 10619427129620472032

884 Sweetruy1997 the Chopper (level 7, 0/54 HPs)
             Began as a Demonspawn Chaos Knight on Dec 14, 2022.
             Was a Plaything of Xom.
             Slain by an ogre
             ... wielding a +0 giant spiked club
              (27 damage)
             ... on level 5 of the Dungeon on Dec 16, 2022.
             The game lasted 00:15:57 (4104 turns).

Sweetruy1997 the Chopper (Demonspawn Chaos Knight)  Turns: 4104, Time: 00:15:58

Health: 0/54       AC: 11    Str: 13    XL:     7   Next: 76%
Magic:  8/10       EV: 12    Int:  9    God:    Xom [.*....]
Gold:   232        SH:  0    Dex: 14    Spells: 8/10 levels left

rFire   . . .      SeeInvis .    a - +1 hand axe (chaos)
rCold   . . .      Faith    .    (no shield)
rNeg    . . .      Spirit   .    b - +3 leather armour
rPois   .          Reflect  .    (helmet restricted)
rElec   .          Harm     .    f - +2 cloak
rCorr   .          Rampage  .    (no gloves)
Will    .....                    (no boots)
Stlth   ++........               l - amulet of regeneration
HPRegen 1.89/turn                (no ring)
MPRegen 0.12/turn                (no ring)

@: no status effects
A: horns 1, icy blue scales 1, hooves 1, dopey 2, regeneration 1, wild magic 1
a: Renounce Religion


You were on level 5 of the Dungeon.
You worshipped Xom.
You were a plaything of Xom.
You visited 1 branch of the dungeon, and saw 5 of its levels.
You also visited: Ossuary.

You collected 247 gold pieces.
You spent 15 gold pieces at shops.

Inventory:

Hand Weapons
 a - a +1 hand axe of chaos (weapon)
Missiles
 p - 4 boomerangs
Armour
 b - a +3 leather armour (worn)
 f - a +2 cloak (worn)
Jewellery
 l - an amulet of regeneration (around neck)
Scrolls
 h - a scroll of immolation
 i - 4 scrolls of blinking
 j - a scroll of fear {unknown}
 k - 6 scrolls of teleportation
 o - a scroll of noise {unknown}
 t - a scroll of amnesia {unknown}
Potions
 d - a potion of attraction {unknown}
 e - 3 potions of curing
 g - a potion of invisibility {unknown}
 m - 2 potions of cancellation {unknown}
 n - 4 potions of lignification
 r - a potion of haste {unknown}
 s - 2 potions of mutation {unknown}
 u - a potion of flight {unknown}
Miscellaneous
 c - a piece from Xom's chessboard (9/15)


   Skills:
 - Level 4.0 Fighting
 + Level 5.4 Axes
 + Level 2.7 Armour
 + Level 2.5 Dodging
 + Level 3.3 Stealth
 + Level 2.2 Spellcasting
 + Level 1.9 Summonings
 + Level 1.4 Evocations


You had 8 spell levels left.
You knew the following spells:

 Your Spells              Type           Power      Damage    Failure   Level
a - Summon Small Mammal   Summ           20%        N/A       26%         1
b - Slow                  Hex            4%         N/A       47%         1

Your spell library contained the following spells:

 Spells                   Type           Power      Damage    Failure   Level
 Call Canine Familiar     Summ           5%         N/A       58%         3
 Summon Guardian Golem    Hex/Summ       3%         N/A       71%         3
 Confusing Touch          Hex            1%         N/A       83%         3
 Hailstorm                Conj/Ice       1%         3d3       83%         3
 Vampiric Draining        Necr           1%         2d6       83%         3
 Ice Form                 Ice/Tmut       1%         N/A       99%         4
 Simulacrum               Ice/Necr       0%         N/A       100%        6


Dungeon Overview and Level Annotations

Branches:
Dungeon (5/15)            Ossuary (visited)
 Temple: D:4-7

Altars:
Cheibriados
Dithmenos
Okawaru
Vehumet

Shops:
D:4 *


Innate Abilities, Weirdness & Mutations

You have a pair of small horns on your head.
You are partially covered in icy blue scales. (AC +2)
You have large cloven feet.
You are very dopey. (Int -4)
Your natural rate of healing is unusually fast.
Your spells are a little harder to cast, but a little more powerful.


Message History

You feel very sick. "This is how I like it!"
You swap places with the water moccasin.
Some monsters swap places.
The water moccasin bites you but does no damage.
The water moccasin bites you. The ogre barely misses you.
You hit the water moccasin.
The water moccasin easily resists.
Your kick misses the water moccasin.
Your headbutt misses the water moccasin.
The water moccasin is heavily wounded.
You hit the ogre.
The ogre is poisoned.
You feel very sick.
The water moccasin bites you but does no damage.
Your gnoll hits the howler monkey.
The howler monkey barely misses your gnoll.
You feel better.
The water moccasin bites you but does no damage.
The ogre hits you with a +0 giant spiked club!
Your gnoll closely misses the howler monkey.
The howler monkey hits your gnoll.
You hit the water moccasin. You kick the water moccasin.
You headbutt the water moccasin.
The water moccasin is almost dead.
You hit the ogre but do no damage. The water moccasin closely misses you.
The howler monkey closely misses your gnoll.
Your gnoll closely misses the howler monkey.
The water moccasin bites you. The ogre closely misses you.
You barely miss the water moccasin. Your kick misses the water moccasin.
The water moccasin is almost dead.
You hit the ogre. You burn the ogre.
The howler monkey completely misses your gnoll.
The water moccasin misses you.
Your gnoll hits the howler monkey but does no damage.
You slash the water moccasin!
You kill the water moccasin!
You barely miss the ogre. The howler monkey hits your gnoll.
The ogre hits you with a +0 giant spiked club!!
Ouch! That really hurt!
You die...
Xom bursts into laughter!

......#.....#.........
########....##...##.#
##.#.........#
#.#####.###.... #.#
#.# .# #+# #h# #
#g###.#... #
#..O...... #
##@##.#.## .# #.# ....
.....'.......# .###
.....##.#....# ## ....
#.#..#.# # ... #.# ##
# # .. #.# + #.. ###


You could see an ogre (very poisoned), a howler monkey (distracted, ally target)
and a friendly gnoll (summoned).

Vanquished Creatures
  A water moccasin (D:5)
  An ice beast (D:3)
  A necrophage (D:5)
  4 water moccasin zombies (Ossuary)
  An orc priest (D:3)
  Crazy Yiuf (D:3)
  A hound (D:5)
  An iguana (D:4)
  An orc wizard (D:2)
  2 mummies (Ossuary)
  Robin (D:3)
  A gnoll (D:4)
  3 adders (D:2)
  An ufetubus (D:5)
  3 adder zombies (Ossuary)
  2 worms
  3 dart slugs
  9 orcs
  3 endoplasms (D:1)
  3 giant cockroaches
  6 gnoll zombies (Ossuary)
  18 goblins
  3 hobgoblins
  17 jackals
  10 kobolds
  6 quokkas
  3 ball pythons
  3 bats
  4 frilled lizards
  A goblin zombie (D:4)
  4 hobgoblin zombies (Ossuary)
  4 kobold zombies (Ossuary)
  3 orc zombies (Ossuary)
  A quokka zombie (D:4)
  3 rats (D:1)
129 creatures vanquished.

Vanquished Creatures (collateral kills)
  A jelly (D:5)
  A gnoll bouda (D:4)
  2 gnolls (D:4)
  An adder (D:4)
  An adder zombie (Ossuary)
  An endoplasm (D:3)
  A goblin (D:4)
  An orc zombie (Ossuary)
9 creatures vanquished.

Vanquished Creatures (others)
  A water moccasin zombie (Ossuary)
  A jelly (D:5)
  A goblin zombie (D:1)
  A fungus (D:3)
  9 plants (D:3)
  16 withered plants (D:3)
29 creatures vanquished.

Grand Total: 167 creatures vanquished

Notes
Turn   | Place    | Note
-------+----------+-------------------------------------------
     0 | D:1      | Sweetruy1997 the Demonspawn Chaos Knight began the quest
                  | for the Orb.
     0 | D:1      | Reached XP level 1. HP: 18/18 MP: 1/1
   205 | D:1      | XOM: silly message
   286 | D:1      | You fall into a shaft and drop 1 floor!
   289 | D:2      | XOM: silly message
   359 | D:1      | Gained mutation: You have a pair of small horns on your
                  | head. [demonic ancestry]
   359 | D:1      | Reached XP level 2. HP: 21/24 MP: 2/2
   504 | D:1      | Reached skill level 3 in Axes
   516 | D:1      | XOM: divination: magic mapping
   602 | D:1      | XOM: enchant monster (bad)
   691 | D:1      | Gained mutation: You are partially covered in icy blue
                  | scales. (AC +2) [demonic ancestry]
   691 | D:1      | Reached XP level 3. HP: 29/29 MP: 3/3
   720 | D:1      | Learned a level 1 spell: Summon Small Mammal
   881 | D:2      | XOM: cloud trail
   902 | D:2      | XOM: silly message
  1078 | D:2      | XOM: give mutations
  1078 | D:2      | Gained mutation: Your spells are a little harder to cast,
                  | but a little more powerful. [Xom's grace]
  1078 | D:2      | Gained mutation: You have large cloven feet. [Xom's grace]
  1078 | D:2      | Gained mutation: Your natural rate of healing is unusually
                  | fast. [Xom's grace]
  1253 | D:2      | Reached skill level 1 in Dodging
  1253 | D:2      | Reached skill level 1 in Stealth
  1253 | D:2      | Reached XP level 4. HP: 33/35 MP: 2/4
  1546 | D:2      | XOM: give mutations
  1546 | D:2      | Gained mutation: You occasionally lose the ability to drink
                  | potions when taking damage. [Xom's mischief]
  1546 | D:2      | Gained mutation: You are dopey. (Int -2) [Xom's mischief]
  1683 | D:2      | XOM: stat loss: -1 Dex (13/14)
  1828 | D:3      | Noticed Robin
  1859 | D:3      | Killed Robin
  1860 | D:3      | Reached XP level 5. HP: 41/41 MP: 5/5
  1892 | D:3      | XOM: blink monster(s)
  1895 | D:3      | Reached skill level 4 in Axes
  1895 | D:3      | Reached skill level 1 in Evocations
  1959 | D:3      | Found a runed translucent door.
  1960 | D:3      | Noticed Crazy Yiuf
  2110 | D:3      | Noticed an ice beast
  2110 | D:3      | XOM: 1-stop teleportation journey
  2114 | D:3      | XOM: summons 1 hostile demon
  2213 | D:3      | XOM: repel stairs
  2222 | D:3      | Killed an ice beast
  2223 | D:3      | Reached skill level 1 in Spellcasting
  2223 | D:3      | Reached XP level 6. HP: 48/48 MP: 7/7
  2306 | D:3      | Found a shadowy altar of Dithmenos.
  2306 | D:3      | Found a radiant altar of Vehumet.
  2322 | D:3      | Found an iron altar of Okawaru.
  2437 | D:3      | Found a faded altar of an unknown god.
  2755 | D:3      | XOM: give mutations
  2755 | D:3      | Gained mutation: You are very dopey. (Int -4) [Xom's
                  | mischief]
  2755 | D:3      | Lost mutation: You occasionally lose the ability to drink
                  | potions when taking damage. [Xom's mischief]
  2837 | D:3      | Killed Crazy Yiuf
  3109 | D:4      | XOM: polymorph rat -> shapeshifter
  3113 | D:4      | Reached skill level 1 in Summonings
  3138 | D:4      | Found a sand-covered staircase.
  3162 | Ossuary  | XOM: noise
  3162 | Ossuary  | Entered an ossuary
  3217 | Ossuary  | Reached XP level 7. HP: 54/54 MP: 9/9
  3253 | Ossuary  | XOM: cast spell 'Chain of Chaos'
  3255 | Ossuary  | XOM: polymorph rat -> jackal
  3287 | Ossuary  | XOM: noise
  3288 | Ossuary  | XOM: confuse monster(s)
  3295 | Ossuary  | Reached skill level 5 in Axes
  3485 | D:4      | Learned a level 1 spell: Slow
  3723 | D:4      | Found Cimezari's CLEARANCE SALE!.
  3731 | D:4      | Bought a potion of curing for 15 gold pieces
  3783 | D:5      | Entered Level 5 of the Dungeon
  3896 | D:5      | Found a snail-covered altar of Cheibriados.
  3896 | D:5      | Noticed a torpor snail
  3897 | D:5      | Noticed a torpor snail
  3897 | D:5      | Noticed a torpor snail
  4088 | D:5      | XOM: polymorph rat -> gnoll
  4099 | D:5      | XOM: swap monsters
  4104 | D:5      | Slain by an ogre

Illustrated notes

Levels and vault maps discovered:
D:1:      dpeg_chamrin_arrival_tetris, layout_basic, minmay_tetromino_o2
D:2:      minmay_chambers_of_ones, layout_basic
D:3:      layout_loops_ring, grunt_temple_overflow_open,
          shapermc_ecumenical_altar_flowoftime, grunt_decor_one_mirror,
          uniq_crazy_yiuf_cottage, uniq_robin
D:4:      layout_rooms, enter_ossuary_4, dreamdust_princess_bridge,
          nicolae_shop_clearance
D:5:      layout_loops_corners, cheibriados_altar_2, minmay_puff, uniq_duvessa

Skill      XL: |  1  2  3  4  5  6  7 |
---------------+----------------------+-----
Axes           | 3 4 5 |  5.4
Armour         | 2 |  2.7
Dodging        | 1 2 |  2.5
Stealth        | 1 2 3 |  3.3
Evocations     | 1 |  1.4
Spellcasting   | 1 2 |  2.2
Summonings     | 1 |  1.9
Fighting       | 4 |  4.0

Action                   |  1- 3 |  4- 6 |  7- 9 || total
-------------------------+-------+-------+-------++-------
Melee: Hand axe          |    90 |   150 |    90 ||   330
       Headbutt          |    16 |    26 |    15 ||    57
       Kick              |    10 |    35 |    29 ||    74
       Punch             |       |     2 |     1 ||     3
 Cast: Summon Small Mamm |     5 |    13 |     9 ||    27
       Slow              |       |       |     2 ||     2
Evoke: Piece from Xom's  |    11 |    15 |       ||    26
  Use: Scroll            |       |     9 |     1 ||    10
       Potion            |       |     1 |     1 ||     2
 Stab: Paralysed         |     2 |     4 |       ||     6
       Sleeping          |     1 |     2 |       ||     3
       Petrified         |     2 |     4 |       ||     6
       Distracted        |       |       |     2 ||     2
       Confused          |       |       |     2 ||     2
Armor: Leather armour    |    30 |    82 |    43 ||   155
Dodge: Dodged            |    43 |   119 |    57 ||   219

Table legend: (Time is in decaauts)
 A = Elapsed time spent in this place.
 B = Non-inter-level travel time spent in this place.
 C = Inter-level travel time spent in this place.
 D = Time resting spent in this place.
 E = Time spent auto-exploring this place.
 F = Levels seen in this place.
 G = Mean time per level.
                   A        B        C        D        E       F      G
               +--------+--------+--------+--------+--------+-----+--------+
         Total |   4134 |   3922 |    212 |     10 |   2942 |   6 |  689.0 |
       Dungeon |   3872 |   3660 |    212 |     10 |   2826 |   5 |  774.4 |
       Ossuary |    262 |    262 |      0 |      0 |    116 |   1 |  262.0 |
               +--------+--------+--------+--------+--------+-----+--------+

Top non-repeatable levels by time:
     D:3: 1087 daAuts
     D:2: 1045 daAuts
     D:1: 801 daAuts
     D:4: 615 daAuts
     D:5: 322 daAuts
 Ossuary: 262 daAuts
